 Dungeon Crawl Stone Soup version 0.31-a0-145-g046c7d2549 (webtiles) character file.

Game seed: 8639355858247083783

28 hikkokomori the Conjurer (level 2, -4/23 HPs)
             Began as a Demigod Conjurer on June 7, 2023.
             Slain by a goblin
             ... wielding a +0 club
             ... led by Robin
              (6 damage)
             ... on level 2 of the Dungeon.
             The game lasted 00:01:53 (979 turns).

hikkokomori the Conjurer (Demigod Conjurer)          Turns: 979, Time: 00:01:53

Health: -4/23      AC:  2    Str:  8    XL:     2   Next: 75%
Magic:  5/7        EV: 12    Int: 20    God:
Gold:   77         SH:  0    Dex: 12    Spells: 4/5 levels left

rFire   . . .        e - +2 dagger (freeze)
rCold   . . .        (no shield)
rNeg    . . .        a - +0 robe
rPois   .            (no helmet)
rElec   .            (no cloak)
rCorr   .            (no gloves)
SInv    .            (no boots)
Will    .....        (no amulet)
Stlth   ++           (no ring)
HPRegen 0.23/turn    (no ring)
MPRegen 0.10/turn

%: no passive effects
@: attractive
A: high MP 1, forlorn, divine attributes
a: no special abilities


You were on level 2 of the Dungeon.
You visited 1 branch of the dungeon, and saw 2 of its levels.

You collected 77 gold pieces.

Inventory:

Hand Weapons
 e - a +2 dagger of freezing (weapon)
Armour
 a - a +0 robe (worn)
 j - the +0 cloak "Otimpis" {rPois MP-9 Str+9 Int-5}
   (You found it on level 2 of the Dungeon)

   Str:       It affects your strength (+9).
   Int:       It affects your intelligence (-5).
   rPois:     It protects you from poison.
   MP:        It affects your magic capacity (-9).
Scrolls
 d - a scroll of identify
 f - a scroll of poison
 i - a scroll of enchant armour {unknown}


   Skills:
 + Level 1.0 Fighting
 - Level 1.7 Dodging
 + Level 2.2 Stealth
 + Level 2.1 Spellcasting
 + Level 3.8 Conjurations


You had 4 spell levels left.
You knew the following spells:

 Your Spells              Type           Power      Damage    Failure   Level
a - Magic Dart            Conj           68%        1d6       3%          1

Your spell library contained the following spells:

 Spells                   Type           Power      Damage    Failure   Level
 Searing Ray              Conj           34%        2d5       4%          2
 Dazzling Flash           Conj/Hex       18%        N/A       22%         3
 Call Imp                 Summ           4%         N/A       24%         2
 Mephitic Cloud           Conj/Pois/Air  7%         N/A       28%         3
 Fulminant Prism          Conj/Hex       4%         3d5       56%         4
 Iskenderun's Mystic Bla  Conj/Tloc      9%         2d4       56%         4


Dungeon Overview and Level Annotations

Branches:
Dungeon (2/15)

Annotations:
D:2 Robin


Innate Abilities, Weirdness & Mutations

You have an increased reservoir of magic. (+10% MP)
You shall have no god before yourself.
Your divine heritage dramatically boosts your attributes as you level up.


Message History

Confirm with . or Enter, or press ? or * to list all spells.
Aiming: Magic Dart (safe; 3% risk of failure)
Press: ? - help, Shift-Dir - straight line, f - Robin
Aim: Robin, wielding a +2 mace of holy wrath, wearing a +1 animal skin and wearing a +0 helmet (moderately wounded, 100% to hit)
The magic dart hits Robin but does no damage.
Robin is moderately wounded.
A hobgoblin comes into view.
The goblin is attracted toward you.
The hobgoblin is attracted toward you. x2
A goblin comes into view. It is wielding a +0 club.
Robin roars a battlecry!
The goblins go into a battle-frenzy!
The hobgoblin shouts!
Robin is attracted toward you.
The hobgoblin is attracted toward you. x2
The goblin is attracted toward you. Robin throws the goblin at you!
Robin is attracted toward you.
The hobgoblin is attracted toward you. x2
Unknown command.
The goblin hits you with a +0 club.
* * * LOW HITPOINT WARNING * * *
The goblin is attracted toward you. The goblin attacks as you move away!
The goblin closely misses you.
Robin roars a battlecry!
The goblins go into a battle-frenzy!
The goblin shouts!
Robin is attracted toward you. The goblin barely misses you.
The goblin attacks as you move away! The goblin hits you with a +0 club.
* * * LOW HITPOINT WARNING * * *
The hobgoblin is attracted toward you.
As you read the scroll labelled FORATU UTAAZ, it crumbles to dust.
It is a scroll of identify.
f - a scroll of poison The goblin completely misses you.
Robin throws the goblin at you! Robin is attracted toward you.
The hobgoblin is attracted toward you. The goblin is attracted toward you.
Unknown command.
As you read the scroll labelled ZYUKET FIENT, it crumbles to dust.
You feel aware of your surroundings.
You sensed 1 shop/portal.
It was a scroll of magic mapping.
The goblin hits you with a +0 club.
You die...

*,,****#.......>##.##.##.#...####
,,,* #...........##.##.#..)....
**,**###......####)...##.#.......
**,,,.......§§.g##§...#..........
,,,**####...<.#§§§.§......###....
,*,** #.....#####....).........
,,,,** #.....# ##§.##.#.......
,,,,,***#.....######.§#.....#####
,,,,,,,*#)....#g@ggg§.......#
*,,,,*,,...>....g.g...#..####
*,,,,**#..##...######....#
*,,^,,,......[#.,,* #....#
,,,,,,,,,.....,,,,**#...##
,,,,,,,,,....,,,,,*#...##*
*,,,,,,,,..#***,,,#.....,*
*,,,*,*,,#.****,,g.g####.*
*,,,*,,,,,,,,**,gg#.****,*


You could see Robin, 2 hobgoblins and 3 goblins.

Vanquished Creatures
  A ball python (D:1)
  2 endoplasms
  A giant cockroach (D:1)
  11 goblins
  A hobgoblin (D:1)
  A kobold (D:2)
  A quokka (D:1)
  4 bats
  A frilled lizard (D:1)
23 creatures vanquished.

Notes
Turn   | Place    | Note
-------+----------+-------------------------------------------
     0 | D:1      | hikkokomori the Demigod Conjurer began the quest for the
                  | Orb.
     0 | D:1      | Reached XP level 1. HP: 14/14 MP: 5/5
   300 | D:1      | Reached XP level 2. HP: 22/22 MP: 2/7
   878 | D:2      | Noticed Robin
   885 | D:2      | Identified the +0 cloak "Otimpis" {rPois MP-9 Str+9 Int-5}
   970 | D:2      | Reached skill level 1 in Fighting
   976 | D:2      | HP: 1/23 [goblin/+0 club[Robin] (2)]
   979 | D:2      | Slain by a goblin

Illustrated notes

Levels and vault maps discovered:
D:1:      dpeg_arrival_lava_temple_mockup, layout_rooms
D:2:      layout_rooms, serial_shops, shop, uniq_robin

Skill      XL: |  1  2 |
---------------+-------+-----
Stealth        | 2 |  2.2
Spellcasting   | 2 |  2.1
Fighting       | 1 |  1.0
Dodging        | |  1.7
Conjurations   | |  3.8

Action                     || total
---------------------------++-------
  Melee: Dagger            ||     2
   Cast: Magic Dart        ||    49
    Use: Potion            ||     3
         Scroll            ||     2
 Armour: Robe              ||     1
  Dodge: Dodged            ||    16

Table legend: (Time is in decaauts)
 A = Elapsed time spent in this place.
 B = Non-inter-level travel time spent in this place.
 C = Inter-level travel time spent in this place.
 D = Time resting spent in this place.
 E = Time spent auto-exploring this place.
 F = Levels seen in this place.
 G = Mean time per level.
                   A        B        C        D        E       F      G
               +--------+--------+--------+--------+--------+-----+--------+
         Total |    978 |    955 |     23 |     52 |    772 |   2 |  489.0 |
       Dungeon |    978 |    955 |     23 |     52 |    772 |   2 |  489.0 |
               +--------+--------+--------+--------+--------+-----+--------+

Top non-repeatable levels by time:
     D:1: 732 daAuts
     D:2: 245 daAuts
